 Dungeon Crawl Stone Soup version 0.17.3-4-g93a25c67f4 (webtiles) character file.

483 OssuaryOsiris the Skirmisher (level 6, -5/52 HPs)
             Began as a Mummy Monk on Mar 8, 2024.
             Slain by a centaur (7 damage)
             ... on level 5 of the Dungeon.
             The game lasted 00:04:37 (6345 turns).

OssuaryOsiris the Skirmisher (Mummy Monk)           Turns: 6345, Time: 00:04:37

Health: -5/52      AC:  3    Str: 14    XL:     6   Next: 87%
Magic:  6/6        EV: 14    Int:  9    God:
Gold:   302        SH:  0    Dex: 17    Spells: 0 memorised, 5 levels left

rFire  x . .     SeeInvis .       - Unarmed
rCold  + . .     Clarity  .     (no armour)
rNeg   + + +     SustAt   .     (no shield)
rPois  ∞         Gourm    .     (no helmet)
rElec  .         Spirit   .     (no cloak)
rCorr  .         Warding  .     f - +2 pair of gloves
rMut   .         Stasis   .     (no boots)
MR     .....                    (no amulet)
Stlth  ++........               (no ring)
                                (no ring)

@: not resistant to hostile enchantments, unstealthy
A: no food or potions, fire vulnerability, cold resistance 1, negative energy
resistance 3, torment resistance, unbreathing
a: no special abilities


You were on level 5 of the Dungeon.
You were not hungry.

You visited 1 branch of the dungeon, and saw 5 of its levels.

You collected 302 gold pieces.


Innate Abilities, Weirdness & Mutations

You do not eat or drink.
Your flesh is vulnerable to fire.
You are immune to poison.
Your flesh is cold resistant.
You are immune to negative energy.
You are immune to unholy pain and torment.
You can survive without breathing.


   Skills:
 + Level 5.8 Fighting
 - Level 3.2 Dodging
 - Level 1.5 Stealth
 - Level 5.0 Unarmed Combat


You had 5 spell levels left.
You didn't know any spells.

Inventory:

Armour
 f - a +2 pair of gloves (worn)
Scrolls
 a - 4 scrolls of remove curse
 b - a scroll of magic mapping
 c - 3 scrolls of immolation {!r}
 d - a scroll of identify {@r1}
 e - 2 scrolls of recharging
 g - 2 scrolls of teleportation {@r4 !r}
 h - a scroll of noise {!r}

Dungeon Overview and Level Annotations

Branches:
Dungeon (5/15)
 Temple: D:4-7

Altars:

Annotations:
D:4 exclusions: Eustachio and ogre, Eustachio, Sigmund

▒...▒ ▒▒ ▒..!▒ .▒ ▒...▒
▒▒▒▒▒ ▒
.▒▒▒▒...▒▒▒▒▒▒.... .▒ ▒
..........(....▒▒▒▒.▒h▒
...[..................
............(..▒ ..h
.▒▒▒▒...▒▒▒▒▒▒(▒▒.▒.▒
.▒ ▒...▒ ▒.....M...▒ ▒▒
▒...▒ ▒.▒▒▒▒▒c▒▒▒
▒▒.▒.▒▒▒ .▒ ▒▒▒.▒▒▒.▒
.▒ ▒..▒▒ ▒▒▒ ..
▒▒.▒.▒▒▒.▒ ▒▒
......▒.▒▒▒ ▒▒▒
▒▒..▒.....▒ ▒.▒▒▒▒▒
▒▒..▒.▒▒▒▒▒ ▒.....▒


You could see a centaur and 2 jackals.


Message History

You closely miss the centaur!
The centaur is moderately wounded!
The centaur barely misses you!
You pulverise the centaur!!!
The centaur is severely wounded!
The centaur hits you but does no damage!
You closely miss the centaur!
The centaur is severely wounded!
The centaur misses you! The centaur barely misses you!
You beat the centaur into a bloody pulp!
The centaur is severely wounded!
The centaur barely misses you!
You pummel the centaur like a punching bag!
The centaur is severely wounded!
The centaur closely misses you!
A jackal comes into view!
The jackal barks!!!
You pummel the centaur like a punching bag!
The centaur is almost dead!
The centaur hits you!!! * * * don't die
* * * The centaur hits you! * * * don't die
* * * A jackal comes into view!
You take 9 damage, and have 2/52 hp!
The jackal barks!!!
You beat the centaur into a bloody pulp!
The centaur is almost dead!
The centaur hits you!!! rip

Action                   |  1- 3 |  4- 6 || total
-------------------------+-------+-------++-------
Melee: Unarmed           |   176 |   216 ||   392
  Use: Scroll            |       |     9 ||     9
 Stab: Sleeping          |     6 |     4 ||    10

Vault maps used:
D:1:      lemuel_arrival_cross
D:2:      lemuel_statue_altar
D:3:      uniq_iyjb, uniq_grinder
D:4:      feat_on_display, uniq_eustachio, uniq_sigmund
D:5:      gammafunk_temple_overflow_wave, basic_altar, first_bread, st_stairs_3,
          minmay_misc_feat_columns

Notes
Turn   | Place    | Note
--------------------------------------------------------------
     0 | D:1      | OssuaryOsiris the Mummy Monk began the quest for the Orb.
     0 | D:1      | Reached XP level 1. HP: 18/18 MP: 1/1
   465 | D:1      | Reached XP level 2. HP: 21/24 MP: 2/2
  1574 | D:2      | Reached skill level 4 in Unarmed Combat
  1774 | D:2      | Reached XP level 3. HP: 13/29 MP: 3/3
  2259 | D:2      | HP: 2/29 [giant newt (3)]
  3050 | D:3      | Reached XP level 4. HP: 13/35 MP: 4/4
  3417 | D:3      | Noticed Ijyb
  3437 | D:3      | Killed Ijyb
  3437 | D:3      | Reached skill level 5 in Unarmed Combat
  4012 | D:3      | Reached XP level 5. HP: 35/41 MP: 5/5
  4171 | D:3      | Noticed Grinder
  4388 | D:3      | Paralysed by Grinder for 7 turns
  4403 | D:3      | Killed Grinder
  4403 | D:3      | Reached skill level 5 in Fighting
  4403 | D:3      | Reached XP level 6. HP: 32/51 MP: 6/6
  5003 | D:4      | Noticed Sigmund
  5431 | D:4      | Reached skill level 3 in Dodging
  5776 | D:4      | Noticed Eustachio
  5860 | D:5      | Entered Level 5 of the Dungeon
  6344 | D:5      | HP: 3/52 [centaur (8)]
  6345 | D:5      | Slain by a centaur

Vanquished Creatures
  Grinder (D:3)
  A jelly (D:5)
  A wasp zombie (D:4)
  Ijyb (D:3)
  An iguana (D:4)
  9 adders
  2 adder skeletons (D:5)
  2 worms
  3 orcs
  9 bats
  9 goblins
  10 hobgoblins
  7 jackals
  9 kobolds
  2 quokkas
  A ball python (D:4)
  3 giant cockroaches
  A giant gecko (D:4)
  5 giant newts
  A quokka zombie (D:5)
  5 rats
83 creatures vanquished.
